 Dungeon Sprint DCSS version 0.30.1-4-g462c640d31 (webtiles) character file.

Game seed: 14724711951937604627

702 Heoruswealwe the Cleaver (level 7, 0/73 HPs)
             Began as a Hill Orc Fighter on Aug 22, 2023.
             Was an Initiate of Trog.
             Slain by a kobold demonologist
             ... wielding a +0 dagger
              (3 damage)
             ... in the Dungeon (Sprint I: "Red Sonja").
             The game lasted 00:04:13 (558 turns).

Heoruswealwe the Cleaver (Hill Orc Fighter)          Turns: 558, Time: 00:04:14

Health: 0/73       AC:  8    Str: 21    XL:     7   Next: 66%
Magic:  7/7        EV:  9    Int:  8    God:    Trog [......]
Gold:   459        SH:  6    Dex: 10    Spells: 6/6 levels left

rFire   . . .        a - +0 war axe
rCold   . . .        d - +0 buckler
rNeg    . . .        c - +0 scale mail
rPois   .            (no helmet)
rElec   .            (no cloak)
rCorr   .            (no gloves)
SInv    .            (no boots)
Will    .....        (no amulet) Stlth
                     (no ring)
HPRegen 0.32/turn    (no ring)
MPRegen 0.10/turn

%: no teleportation
@: mighty, spiked, hasted, very quick
A: no striking features
a: Renounce Religion


You were in the Dungeon.
You worshipped Trog.
Trog was noncommittal.
You visited 1 branch You collected 459 gold pieces.

Inventory:

Hand Weapons
 a - a +0 war axe (weapon)
Armour
 c - a +0 scale mail (worn)
 d - a +0 buckler (worn)
Wands
 k - a wand of digging (7)
Scrolls
 f - a scroll of immolation {unknown}
 j - a scroll of blinking
Potions
 e - a potion of curing
 g - a potion of haste
 h - a potion of invisibility {unknown}


   Skills:
 + Level 10.4 Fighting
 + Level 10.9 Axes
 + Level 9.5 Armour
 + Level 9.5 Shields


You had 6 spell levels left.
You didn't know any spells.
Your spell library was empty.

Dungeon Overview and Level Annotations

Branches:
Dungeon (1/1)

Altars:
Cheibriados
Dithmenos
Elyvilon
Fedhas
Gozag
Hepliaklqana
Kikubaaqudgha
Makhleb
Nemelex Xobeh
Okawaru
Qazlal
Ru
Sif Muna
Trog
Uskayaw
Vehumet
Wu Jian
Xom
Yredelemnul
Zin
The Shining One
Jiyva
Lugonu

Shops:
D [


Message History

You can move again.
You slice the floating eye!!
You kill the floating eye!
Trog accepts your kill.
You slice the ufetubus!!
You kill the ufetubus!
The ufetubus disappears in a puff of smoke!
You barely miss the kobold demonologist.
You barely miss the kobold demonologist.
The kobold demonologist hits you but does no damage.
The red devil hits you from afar with a +0 trident!
* * * LOW HITPOINT WARNING * * *
Barbed spikes become lodged in your body.
You miss the kobold demonologist.
You barely miss the kobold demonologist.
The kobold demonologist casts a spell.
The kobold demonologist mumbles some strange words.
You miss the kobold demonologist. You hit the kobold demonologist.
The red devil barely misses you.
You closely miss the kobold demonologist.
You slash the kobold demonologist!
The kobold demonologist hits you with a +0 dagger.
* * * LOW HITPOINT WARNING * * *
The kobold demonologist looks braver for a moment.
You closely miss the kobold demonologist.
You hit the kobold demonologist.
The kobold demonologist hits you with a +0 dagger.
* * * LOW HITPOINT WARNING * * *
The kobold demonologist gestures wildly while chanting.
You closely miss the kobold demonologist.
You slash the ice devil! You miss the kobold demonologist.
You closely miss the kobold demonologist.
You hit the ice devil.
You closely miss the kobold demonologist.
The ice devil hits you.
* * * LOW HITPOINT WARNING * * *
The ice devil freezes you!
* * * LOW HITPOINT WARNING * * *
The kobold demonologist hits you with a +0 dagger.
You die...

#####################
.)..#..'..#__#.4@K54#
.#..').#..'..'..#K45#
###'#####'#__####545+
##..#...#.#### ####
_####..##.#
____##'#_.+
.∩...'..._#
..__##_.#'#
____###+#.#


You could see an orange demon (summoned), a hellwing (summoned), an ice devil
(summoned), 2 kobold demonologists, a red devil (summoned), 2 quasits and 2
shadow imps.

Vanquished Creatures
  A slime creature (D)
  Sigmund (D)
  A yak (D)
  A floating eye (D)
  An ogre (D)
  A jelly (D)
  Ijyb (D)
7 creatures vanquished.

Notes
Turn   | Place    | Note
-------+----------+-------------------------------------------
     0 | D        | Heoruswealwe the Hill Orc Fighter began the quest for the
                  | Orb.
     0 | D        | Reached XP level 1. HP: 19/19 MP: 1/1
     1 | D        | Noticed Ijyb
    15 | D        | Killed Ijyb
    16 | D        | Reached XP level 2. HP: 15/28 MP: 2/2
    16 | D        | Reached XP level 3. HP: 19/35 MP: 3/3
    81 | D        | Noticed an ogre
    88 | D        | Killed an ogre
    89 | D        | Reached XP level 4. HP: 42/45 MP: 4/4
   138 | D        | Noticed Sigmund
   154 | D        | Killed Sigmund
   155 | D        | Reached XP level 5. HP: 31/53 MP: 5/5
   155 | D        | Reached XP level 6. HP: 35/61 MP: 6/6
   250 | D        | Found a burning altar of Makhleb.
   250 | D        | Found a viscous altar of Jiyva.
   250 | D        | Found a shimmering altar of Xom.
   250 | D        | Found a corrupted altar of Lugonu.
   250 | D        | Noticed a slime creature
   257 | D        | HP: 2/61 [slime creature (18)]
   264 | D        | Killed a slime creature
   366 | D        | Found an ornate altar of the Wu Jian Council.
   366 | D        | Found a shimmering blue altar of Sif Muna.
   368 | D        | Found a radiant altar of Vehumet.
   372 | D        | Reached XP level 7. HP: 55/70 MP: 7/7
   419 | D        | Found Veem's Antique Armour Emporium.
   419 | D        | Found an ancient bone altar of Kikubaaqudgha.
   419 | D        | Found a hazy altar of Hepliaklqana.
   419 | D        | Found a stormy altar of Qazlal.
   419 | D        | Found a hide-covered altar of Uskayaw.
   419 | D        | Found a blossoming altar of Fedhas.
   419 | D        | Found a bloodstained altar of Trog.
   419 | D        | Found an iron altar of Okawaru.
   419 | D        | Found a basalt altar of Yredelemnul.
   419 | D        | Found a glowing golden altar of the Shining One.
   419 | D        | Found a snail-covered altar of Cheibriados.
   419 | D        | Found a sacrificial altar of Ru.
   419 | D        | Found a glowing silver altar of Zin.
   419 | D        | Found a shadowy altar of Dithmenos.
   419 | D        | Found a white marble altar of Elyvilon.
   419 | D        | Noticed a yak
   430 | D        | Killed a yak
   431 | D        | Reached skill level 10 in Fighting
   431 | D        | Reached skill level 10 in Axes
   431 | D        | Found an opulent altar of Gozag.
   432 | D        | Found a sparkling altar of Nemelex Xobeh.
   436 | D        | Became a worshipper of Trog the Wrathful
   544 | D        | Noticed a kobold demonologist
   544 | D        | Noticed a kobold demonologist
   546 | D        | Paralysed by a floating eye for 4 turns
   548 | D        | Noticed a red devil
   554 | D        | Noticed an orange demon
   554 | D        | Noticed a hellwing
   557 | D        | Noticed an ice devil
   558 | D        | HP: 3/73 [ice devil[a kobold demonologist] (8)]
   558 | D        | Slain by a kobold demonologist

Illustrated notes

Levels and vault maps discovered:
D:        dungeon_sprint_1 [red_sonja_temple_1, red_sonja_temple_small_1]

Skill      XL: |  1  2  3  4  5  6  7 |
---------------+----------------------+-----
Fighting       | 4 6 8 9 10 | 10.4
Axes           | 4 6 8 9 10 | 10.9
Armour         | 4 6 7 8 9 |  9.5
Shields        | 4 6 7 8 9 |  9.5

Action                     |  1- 3 |  4- 6 |  7- 9 || total
---------------------------+-------+-------+-------++-------
  Melee: War axe           |    18 |    28 |    20 ||    66
  Evoke: Wand              |     1 |       |       ||     1
    Use: Potion            |     1 |     2 |     2 ||     5
 Armour: Scale mail        |     9 |     1 |     8 ||    18
  Dodge: Dodged            |     5 |     8 |     3 ||    16
  Block: Buckler           |     4 |     3 |     1 ||     8
